 Dungeon Crawl Stone Soup version 0.31-a0-239-g0a1456f148 (webtiles) character file.

Game seed: 5311494939689740645

348 qw the Shooter (level 6, 0/51 HPs)
             Began as a Minotaur Hexslinger on July 11, 2023.
             Slain by Pikel
             ... wielding a +1 whip of freezing
              (9 damage)
             ... on level 4 of the Dungeon.
             The game lasted 00:01:02 (2887 turns).

qw the Shooter (Minotaur Hexslinger)                Turns: 2887, Time: 00:01:03

Health: 0/51       AC:  6    Str: 13    XL:     6   Next: 33%
Magic:  6/6        EV: 11    Int: 10    God:
Gold:   231        SH:  0    Dex: 14    Spells: 6/7 levels left

rFire   . . .        Y - +3 sling (freeze)
rCold   . . .        (no shield)
rNeg    . . .        e - +0 ring mail
rPois   +            (helmet restricted)
rElec   .            (no cloak)
rCorr   .            (no gloves)
SInv    .            c - +0 pair of boots
Will    .....        (no amulet)
Stlth   +            h - ring of poison resistance
HPRegen 0.28/turn    (no ring)
MPRegen 0.10/turn

%: no passive effects
@: no status effects
A: horns 2, retaliatory headbutt
a: no special abilities


You were on level 4 of the Dungeon.
You visited 1 branch of the dungeon, and saw 4 of its levels.

You collected 259 gold pieces.
You spent 28 gold pieces at shops.


Innate Abilities, Weirdness & Mutations

You have a pair of horns on your head.
You reflexively headbutt those who attack you in melee.


   Skills:
 + Level 3.4 Fighting
 - Level 6.4 Ranged Weapons
 - Level 2.1 Armour
 - Level 2.1 Dodging
 - Level 1.0 Spellcasting
 - Level 2.0 Hexes


You had 6 spell levels left.
You knew the following spells:

 Your Spells              Type           Power      Damage    Failure   Level
a - Slow                  Hex            16%        N/A       32%         1

Your spell library contained the following spells:

 Spells                   Type           Power      Damage    Failure   Level
 Inner Flame              Hex/Fire       2%         N/A       82%         3
 Portal Projectile        Hex/Tloc       4%         N/A       82%         3
 Cause Fear               Hex            2%         N/A       97%         4

Inventory:

Hand Weapons
 Y - a +3 sling of freezing (weapon)
Armour
 c - a +0 pair of boots (worn)
 e - a +0 ring mail (worn)
Jewellery
 h - a ring of poison resistance (left hand)
 i - a ring of ice
Potions
 a - a potion of haste {unknown}
 b - a potion of curing {unknown}
 d - a potion of might {unknown}
 f - a potion of cancellation {unknown}

Dungeon Overview and Level Annotations

Branches:
Dungeon (4/15)
 Temple: D:4-7

Altars:

Shops:
D:1 ![([*

Annotations:
D:4 Pikel


Message History

The kobold misses you.
Pikel hits you with a +1 whip of freezing!
Pikel freezes you.
You shoot a sling bullet. The sling bullet hits Pikel.
The sling bullet freezes Pikel.
Pikel is lightly wounded.
The kobold hits you but does no damage. The lemure barely misses you.
Pikel barely misses you. You furiously retaliate!
You headbutt Pikel. You shoot a sling bullet.
The sling bullet barely misses the lemure.
The sling bullet hits the hound zombie.
The hound zombie is lightly damaged.
The kobold hits you but does no damage.
A phantom comes into view.
The lemure barely misses you. Pikel barely misses you.
The lemure closely misses you. You furiously retaliate!
You headbutt the lemure. The kobold hits you with a +0 whip.
The lemure hits you but does no damage. The lemure hits you.
Pikel barely misses you. The lemure barely misses you.
You shoot a sling bullet. The sling bullet hits the lemure.
The sling bullet freezes the lemure.
The lemure is almost dead.
The kobold hits you but does no damage. The lemure hits you.
Pikel hits you but does no damage. The lemure closely misses you.
The lemure misses you. You furiously retaliate!
You headbutt the lemure. You shoot a sling bullet.
The sling bullet hits the lemure.
The sling bullet freezes the lemure.
You kill the lemure!
That felt strangely unrewarding.
The kobold closely misses you. The lemure hits you but does no damage.
The lemure barely misses you.
Pikel says, "You'll make a fine lemure."
Pikel closely misses you. You furiously retaliate!
You headbutt Pikel. You shoot a sling bullet. The sling bullet hits Pikel.
The sling bullet freezes Pikel.
Pikel is moderately wounded.
A ball python comes into view.
The kobold hits you with a +0 whip. The lemure barely misses you.
You furiously retaliate!
You headbutt the lemure!
Pikel hits you with a +1 whip of freezing!
You die...

##. #........# . #..
...Z.....#. #..
.........#. ###..
.......W..% .............
#.........# .......###..
+......ZZ. ......#....
+#S....ZK5## .....#.#..
.?.....gK@5# .).... ###
........5..######.... #
...........##.....#.# ##
..)...............#.#####.
...............#.......##.
..........)...$.........).
..........................
......########............
.##..# ###[......###


You could see Pikel, 3 lemures, a phantom, 3 hound zombies, a hobgoblin, a ball
python, a kobold and a hound skeleton.

Vanquished Creatures
  A lemure (D:4)
  A phantom (D:4)
  3 orc priests (D:3)
  Jessica (D:2)
  Terence (D:2)
  An orc wizard (D:3)
  3 adders
  An ufetubus (D:4)
  An adder zombie (D:4)
  3 worms
  A dart slug (D:1)
  4 orcs (D:3)
  6 ball pythons
  An endoplasm (D:1)
  3 giant cockroaches
  5 goblins
  4 hobgoblins
  3 jackals (D:1)
  10 kobolds
  3 quokkas
  3 bats
  3 frilled lizards
  9 rats
71 creatures vanquished.

Notes
Turn   | Place    | Note
-------+----------+-------------------------------------------
     0 | D:1      | qw the Minotaur Hexslinger began the quest for the Orb.
     0 | D:1      | Reached XP level 1. HP: 16/16 MP: 1/1
     0 | D:1      | 0 ||| qw: Version: 0.3-a-52-g30416fa
     0 | D:1      | 0 ||| qw: Game counter: 5963
     0 | D:1      | 0 ||| qw: Melee chars always use a shield: true
     0 | D:1      | 0 ||| qw: God list: Okawaru
     0 | D:1      | 0 ||| qw: Allow faded altars: false
     0 | D:1      | 0 ||| qw: Do Orc after clearing Dungeon:15 true
     0 | D:1      | 0 ||| qw: Do second Lair branch before Depths: true
     0 | D:1      | 0 ||| qw: Lair rune preference: random
     0 | D:1      | 0 ||| qw: Goals: Normal
     0 | D:1      | 0 ||| PLANNING D:1-11
    24 | D:1      | HP: 4/16 [kobold/+0 dagger (1)]
    79 | D:1      | Found Iwno's Armour Shop.
    88 | D:1      | 88 ||| SHOPLISTING +0 ring mail (40 gold, have 0).
    88 | D:1      | 88 ||| SHOPLISTING +2 leather armour of Ignis {rN++} (295
                  | gold, have 0).
    96 | D:1      | Reached skill level 3 in Ranged Weapons
   121 | D:1      | Reached XP level 2. HP: 23/23 MP: 2/2
   209 | D:1      | Found Epheli's Distillery.
   222 | D:1      | 222 ||| SHOPLISTING potion of curing (42 gold, have 27).
   222 | D:1      | 222 ||| SHOPLISTING potion of haste (140 gold, have 27).
   222 | D:1      | 222 ||| SHOPLISTING potion of might (56 gold, have 27).
   272 | D:1      | Found Tipam's Armour Shop.
   272 | D:1      | Found Qaulyoto's Weapon Boutique.
   279 | D:1      | 279 ||| BUYING +0 leather armour (28 gold).
   279 | D:1      | Bought a +0 leather armour for 28 gold pieces
   279 | D:1      | 279 ||| SHOPLISTING +0 ring mail (56 gold, have 15).
   279 | D:1      | 279 ||| SHOPLISTING +1 cloak of Death Resistance {+Inv
                  | Int+3} (417 gold, have 15).
   279 | D:1      | 279 ||| SHOPLISTING +4 ring mail of willpower (434 gold,
                  | have 15).
   338 | D:1      | Found Joom's Assorted Antiques.
   344 | D:1      | 344 ||| SHOPLISTING knobbly tourmaline ring (120 gold, have
                  | 15).
   344 | D:1      | 344 ||| SHOPLISTING pink potion (21 gold, have 15).
   344 | D:1      | 344 ||| SHOPLISTING scroll labelled OQIQIRIGRU (24 gold,
                  | have 15).
   344 | D:1      | 344 ||| SHOPLISTING sedimented coppery potion (21 gold,
                  | have 15).
   668 | D:1      | Reached XP level 3. HP: 26/29 MP: 3/3
   987 | D:1      | 987 ||| UPGRADING to +0 leather armour.
   997 | D:1      | 997 ||| DROPPING +0 robe.
   998 | D:1      | 998 ||| UPGRADING to +0 ring mail.
  1008 | D:1      | 1008 ||| DROPPING +0 leather armour.
  1009 | D:1      | 1009 ||| UPGRADING to ring of poison resistance.
  1010 | D:1      | 1010 ||| READING scroll labelled XIFOQYPUBB.
  1011 | D:1      | 1011 ||| READING scroll labelled OQIQIRIGRU.
  1012 | D:1      | 1012 ||| DROPPING scroll of poison.
  1131 | D:2      | Noticed Jessica
  1137 | D:2      | 1137 ||| FLEEEEING.
  1138 | D:2      | 1138 ||| FLEEEEING.
  1139 | D:2      | 1139 ||| STAIRDANCE
  1165 | D:2      | 1165 ||| STAIRDANCE
  1272 | D:2      | 1272 ||| STAIRDANCE
  1378 | D:2      | Killed Jessica
  1379 | D:2      | Reached skill level 4 in Ranged Weapons
  1469 | D:2      | Reached XP level 4. HP: 36/36 MP: 4/4
  1475 | D:2      | Noticed Terence
  1478 | D:2      | Killed Terence
  1479 | D:2      | 1479 ||| FLEEEEING.
  1480 | D:2      | 1480 ||| FLEEEEING.
  1483 | D:2      | 1483 ||| FLEEEEING.
  1484 | D:2      | 1484 ||| FLEEEEING.
  1485 | D:2      | 1485 ||| FLEEEEING.
  1486 | D:2      | 1486 ||| FLEEEEING.
  1487 | D:2      | 1487 ||| FLEEEEING.
  1489 | D:2      | 1489 ||| FLEEEEING.
  1490 | D:2      | 1490 ||| FLEEEEING.
  1491 | D:2      | 1491 ||| FLEEEEING.
  1492 | D:2      | 1492 ||| FLEEEEING.
  1493 | D:2      | 1493 ||| FLEEEEING.
  1494 | D:2      | 1494 ||| FLEEEEING.
  1495 | D:2      | 1495 ||| FLEEEEING.
  1496 | D:2      | 1496 ||| FLEEEEING.
  1666 | D:2      | Found a faded altar of an unknown god.
  1875 | D:2      | 1875 ||| UPGRADING to +0 pair of boots.
  1880 | D:2      | 1880 ||| DROPPING ring of magical power.
  1881 | D:2      | 1881 ||| READING scroll labelled COCRE OF ROIMI.
  2039 | D:3      | Reached skill level 5 in Ranged Weapons
  2039 | D:3      | Reached XP level 5. HP: 18/41 MP: 5/5
  2289 | D:3      | 2289 ||| READING scroll of enchant weapon.
  2289 | D:3      | 2289 ||| ENCHANTING +2 sling of freezing.
  2560 | D:3      | 2560 ||| Stepping ~*~*~tactically~*~*~ (outnumbered).
  2568 | D:3      | 2568 ||| FLEEEEING.
  2573 | D:3      | HP: 9/44 [something/puff of flame (5)]
  2575 | D:3      | Reached skill level 3 in Fighting
  2718 | D:3      | 2718 ||| READING scroll labelled QEWUUF NUSOT.
  2812 | D:4      | Noticed a phantom
  2814 | D:4      | Reached XP level 6. HP: 45/51 MP: 6/6
  2826 | D:4      | Reached skill level 6 in Ranged Weapons
  2873 | D:4      | Noticed Pikel
  2885 | D:4      | HP: 9/51 [lemure[Pikel] (6)]
  2887 | D:4      | Slain by Pikel

Levels and vault maps discovered:
D:1:      dpeg_arrival_long_road, layout_basic, serial_curves, eino_curves_03,
          eino_curves_02, serial_shops, nicolae_shop_bloodbath_and_beyond,
          nicolae_shop_tiny_glass, shop, shop, shop, nicolae_wormholes
D:2:      layout_loops_cross, ebering_ecumenical_altar_rust, uniq_jessica,
          uniq_terence
D:3:      layout_basic, kennysheep_orc_chapel
D:4:      layout_rooms, nicolae_gozag_zags_fifth_avenue,
          mainiacjoe_overflow_alcove_4, serial_undead, serial_undead_d,
          serial_undead_a, serial_undead_f, serial_undead_c, serial_undead_a,
          serial_undead_c, serial_undead_b, serial_undead_a, serial_shops,
          kennysheep_mini, uniq_blork_the_orc, uniq_pikel

Skill      XL: |  1  2  3  4  5  6 |
---------------+-------------------+-----
Ranged Weapons | 3 4 5 6 |  6.4
Fighting       | 2 3 |  3.4
Armour         | 2 |  2.1
Dodging        | |  2.1
Spellcasting   | |  1.0
Hexes          | |  2.0

Action                     |  1- 3 |  4- 6 || total
---------------------------+-------+-------++-------
   Fire: Sling             |    99 |   116 ||   215
    Use: Scroll            |     2 |     3 ||     5
 Armour: Robe              |    12 |       ||    12
         Ring mail         |     2 |    31 ||    33
  Dodge: Dodged            |    23 |    40 ||    63

Table legend:
 A = Non-vault XP
 B = Vault XP
 C = Vault XP percentage of total XP
 D = Non-vault monster count
 E = Vault monster count
 F = Vault count percentage of total count
                 A         B        C        D         E       F
            +---------+---------+-------+---------+---------+-------
      Total |     191 |     307 |  61.6 |      61 |       9 |  12.9
            +---------+---------+-------+---------+---------+-------
        D:1 |      41 |       5 |  10.9 |      26 |       1 |   3.7
        D:2 |      27 |      73 |  73.0 |      13 |       2 |  13.3
        D:3 |      98 |     119 |  54.8 |      18 |       4 |  18.2
        D:4 |      25 |     110 |  81.5 |       4 |       2 |  33.3
            +---------+---------+-------+---------+---------+-------
